 Dungeon Crawl Stone Soup version 0.26-a0-1129-gc5df7fbe6a (webtiles) character file.

Game seed: 11021395225183238422

315 uibert the Sneak (level 6, -2/32 HPs)
             Began as a Vine Stalker Brigand on Dec 18, 2020.
             Killed by divine providence
             ... invoked by an orc priest
              (6 damage)
             ... on level 4 of the Dungeon.
             The game lasted 00:09:30 (2997 turns).

uibert the Sneak (Vine Stalker Brigand)             Turns: 2997, Time: 00:09:32

Health: -2/32      AC:  7    Str: 15    XL:     6   Next: 43%
Magic:  0/7        EV: 13    Int: 11    God:
Gold:   85         SH:  0    Dex: 16    Spells: 5/5 levels left

rFire    . . .     SeeInvis +   a - +2 dagger
rCold    . . .     Faith    .   (no shield)
rNeg     . . .     Spirit   +   b - +0 robe
rPois    .         Reflect  .   o - +2 helmet
rElec    .         Harm     .   c - +0 cloak
rCorr    .         Rampage  .   (no gloves)
Will     .....                  r - +0 pair of boots {run}
Stlth    ++++......             (no amulet)
HPRegen  0.50/turn              m - ring of see invisible
MPRegen  0.10/turn              (no ring)

@: quick
A: fangs 2, regeneration 1, magic shield, antimagic bite, no potion heal 3
a: no special abilities


You were on level 4 of the Dungeon.
You visited 1 branch of the dungeon, and saw 4 of its levels.

You collected 85 gold pieces.

Inventory:

Hand Weapons
 a - a +2 dagger (weapon)
Missiles
 d - 6 poisoned darts (quivered)
 e - 2 curare-tipped darts
 f - 57 stones
Armour
 b - a +0 robe (worn)
 c - a +0 cloak (worn)
 o - a +2 helmet (worn)
 r - a +0 pair of boots of running (worn)
Jewellery
 m - a ring of see invisible (left hand)
Wands
 n - a wand of acid (8)
Scrolls
 g - a scroll of magic mapping
 h - 3 scrolls of remove curse {unknown}
 i - 3 scrolls of identify {unknown}
 l - a scroll of enchant armour {unknown}
 p - 3 scrolls of enchant weapon {unknown}
 s - a scroll of fog {unknown}
Potions
 j - a potion of flight
 k - 3 potions of curing
 q - a potion of degeneration {unknown}


   Skills:
 + Level 2.9 Fighting
 + Level 2.7 Short Blades
 - Level 1.7 Throwing
 * Level 2.9 Dodging
 * Level 6.9 Stealth


You had 5 spell levels left.
You didn't know any spells.
Your spell library was empty.

Dungeon Overview and Level Annotations

Branches:
Dungeon (4/15)
 Temple: D:4-7

Altars:
Cheibriados
Gozag
Okawaru
Ru
Trog
Xom


Innate Abilities, Weirdness & Mutations

You have extremely sharp teeth.
Your natural rate of healing is unusually fast.
When hurt, damage is shared between your health and your magic reserves.
Your bite disrupts and absorbs the magic of your enemies.
Potions cannot restore your health.


Message History

You hit the worker ant. Your bite misses the worker ant.
The worker ant is almost dead.
* * * LOW HITPOINT WARNING * * *
You feel sick.
The worker ant bites you but does no damage.
You hit the worker ant but do no damage.
You bite the worker ant.
You kill the worker ant!
* * * LOW HITPOINT WARNING * * *
You feel sick.
Your system rejects the healing.
You feel better.
An iguana comes into view.
The orc priest hits you with a +0 dagger.
The iguana hisses angrily.
You hit the orc priest. Your bite misses the orc priest.
The orc priest is moderately wounded.
An orc wizard comes into view. It is wielding a +0 dagger.
The orc priest calls down the wrath of Beogh upon you.
Beogh smites you!
You die...

## .. ### .##.o .
.$l# ..#. #..#
....### #.#
#[..B..## #o#
......#.# #@#
#..#..######?#
#...#.l....#
#..B....###
##.####..##
........†.#
...#..#..#.(######
.....#..#..#........
....................


You could see an iguana, an orc priest and an orc wizard.

Vanquished Creatures
  2 orc wizards (D:3)
  An orc priest (D:3)
  Natasha (thrice) (D:2)
  A worker ant (D:4)
  4 adders
  A howler monkey skeleton (D:3)
  2 worms
  A leopard gecko (D:1)
  3 orcs (D:3)
  3 ball pythons
  A giant cockroach (D:2)
  6 goblins
  14 hobgoblins
  10 jackals
  A quokka (D:4)
  8 bats
  5 frilled lizards
  6 kobolds
  7 rats
79 creatures vanquished.

Notes
Turn   | Place    | Note
-------+----------+-------------------------------------------
     0 | D:1      | uibert the Vine Stalker Brigand began the quest for the
                  | Orb.
     0 | D:1      | Reached XP level 1. HP: 11/11 MP: 2/2
   152 | D:1      | Reached skill level 5 in Stealth
   169 | D:1      | Reached XP level 2. HP: 13/15 MP: 3/3
   602 | D:1      | Reached skill level 1 in Dodging
  1066 | D:2      | Noticed Natasha
  1070 | D:2      | Killed Natasha
  1071 | D:2      | Reached XP level 3. HP: 18/18 MP: 4/4
  1135 | D:2      | Noticed Natasha
  1150 | D:2      | Killed Natasha
  1151 | D:2      | Gained mutation: Your natural rate of healing is unusually
                  | fast. [Vine Stalker growth]
  1151 | D:2      | Reached XP level 4. HP: 14/23 MP: 3/5
  1181 | D:2      | Reached skill level 6 in Stealth
  1226 | D:2      | Noticed Natasha
  1244 | D:2      | Killed Natasha
  1245 | D:2      | Reached XP level 5. HP: 6/27 MP: 1/6
  2105 | D:3      | Found a faded altar of an unknown god.
  2337 | D:3      | Found an opulent altar of Gozag.
  2578 | D:3      | Reached XP level 6. HP: 26/32 MP: 7/7
  2774 | D:3      | Found an iron altar of Okawaru.
  2777 | D:3      | Found a shimmering altar of Xom.
  2785 | D:3      | Identified a +0 pair of boots of running (You found it on
                  | level 3 of the Dungeon)
  2905 | D:3      | Found a bloodstained altar of Trog.
  2908 | D:3      | Found a snail-covered altar of Cheibriados.
  2910 | D:3      | Found a sacrificial altar of Ru.
  2997 | D:4      | Killed from afar by an orc priest

Illustrated notes

Levels and vault maps discovered:
D:1:      minmay_arrival_four_houses, layout_basic, minivault_27
D:2:      layout_loops_ring, minmay_between, uniq_natasha
D:3:      layout_rooms, nicolae_overflow_hidden_temple,
          chequers_ecumenical_altar_grove, grunt_gozag_statues
D:4:      layout_loops_cross, lemuel_round_altar, lemuel_doored_altar,
          hangedman_decor_diamond_cutter

Skill      XL: |  1  2  3  4 |
---------------+-------------+-----
Stealth        | 5 6 |  6.9
Short Blades   | 2 |  2.7
Dodging        | 1 2 |  2.9
Fighting       | 2 |  2.9
Throwing       | |  1.7

Action                   |  1- 3 |  4- 6 || total
-------------------------+-------+-------++-------
Melee: Dagger            |    68 |   194 ||   262
       Bite              |    13 |    52 ||    65
Throw: Dart              |     9 |    13 ||    22
       Stone             |       |     1 ||     1
  Use: Potion            |     2 |     5 ||     7
       Scroll            |       |     1 ||     1
 Stab: Sleeping          |     8 |     5 ||    13
       Distracted        |       |     1 ||     1
Armor: Robe              |    20 |    53 ||    73
Dodge: Dodged            |    50 |   142 ||   192

Table legend: (Time is in decaauts)
 A = Elapsed time spent in this place.
 B = Non-inter-level travel time spent in this place.
 C = Inter-level travel time spent in this place.
 D = Time resting spent in this place.
 E = Time spent auto-exploring this place.
 F = Levels seen in this place.
 G = Mean time per level.
                   A        B        C        D        E       F      G
               +--------+--------+--------+--------+--------+-----+--------+
         Total |   2956 |   2863 |     93 |     65 |   1758 |   4 |  739.0 |
       Dungeon |   2956 |   2863 |     93 |     65 |   1758 |   4 |  739.0 |
               +--------+--------+--------+--------+--------+-----+--------+

Top non-repeatable levels by time:
     D:1: 1058 daAuts
     D:2: 978 daAuts
     D:3: 867 daAuts
     D:4: 52 daAuts
